 Dungeon Crawl Stone Soup version 0.27-a0-1071-ga85bd9520d (webtiles) character file.

Game seed: 13768270336136725627

308 HoaS the Twirler (level 6, -5/35 HPs)
             Began as a Gargoyle Gladiator on Apr 24, 2021.
             Slain by an ogre
             ... wielding a +0 giant club
              (23 damage)
             ... on level 3 of the Dungeon.
             The game lasted 00:08:37 (3236 turns).

HoaS the Twirler (Gargoyle Gladiator)               Turns: 3236, Time: 00:08:38

Health: -5/35      AC:  9    Str: 20    XL:     6   Next: 40%
Magic:  6/6        EV: 12    Int:  8    God:
Gold:   145        SH:  0    Dex: 11    Spells: 5/5 levels left

rFire    . . .     SeeInvis +   a - +1 quarterstaff
rCold    . . .     Faith    .   (shield currently unavailable)
rNeg     + . .     Spirit   .   b - +0 leather armour
rPois    ∞         Reflect  .   c - +0 helmet
rElec    +         Harm     .   g - +0 cloak
rCorr    .         Rampage  .   (no gloves)
Will     .....                  (no boots)
Stlth    +.........             (no amulet)
HPRegen  0.11/turn              m - ring of see invisible
MPRegen  0.10/turn              (no ring)

@: mighty
A: AC +4, negative energy resistance 1, electricity resistance, torment
resistance 1, unbreathing 1, petrification resistance
a: no special abilities


You were on level 3 of the Dungeon.
You visited 1 branch of the dungeon, and saw 4 of its levels.

You collected 145 gold pieces.

Inventory:

Hand Weapons
 a - a +1 quarterstaff (weapon)
Missiles
 i - 18 bolts
 j - 39 arrows
Armour
 b - a +0 leather armour (worn)
 c - a +0 helmet (worn)
 g - a +0 cloak (worn)
Jewellery
 m - a ring of see invisible (left hand)
Scrolls
 k - a scroll of fear {unknown}
Potions
 h - a potion of invisibility
 l - 3 potions of curing
 o - a potion of ambrosia


   Skills:
 - Level 2.1 Fighting
 + Level 7.0 Staves
 - Level 1.7 Throwing
 - Level 2.4 Dodging


You had 5 spell levels left.
You didn't know any spells.
Your spell library was empty.

Dungeon Overview and Level Annotations

Branches:
Dungeon (4/15)
 Temple: D:4-7

Altars:

Shops:
D:2 !(=!


Innate Abilities, Weirdness & Mutations

Your stone body is resilient. (AC +4)
You are immune to poison.
You resist negative energy. (rN+)
You are resistant to electric shocks. (rElec)
You are resistant to unholy torment.
You can survive without breathing.
You are immune to petrification.


Message History

You hear the hiss of flowing sand.
There is an entrance to an ossuary on this level.
Hurry and find it before the portal is buried! 3 orcs, an orc priest and an ogre come into view.
The ogre shouts!
The orc shouts! x2; The orc priest shouts!
The orc shouts!
Found a hand axe.
There is a stone staircase leading up here.
The orc priest mumbles some strange prayers to Beogh against you.
Beogh smites you! The orc barely misses you.
The ogre hits you with a +0 giant club!!
Ouch! That really hurt!
* * * LOW HITPOINT WARNING * * *
You climb upwards.
There is a stone staircase leading down here.
You see here a +0 club.
There is a stone staircase leading up here.
The orc barely misses you.
You climb upwards.
There is a stone staircase leading down here.
You are too injured to fight recklessly!
You are too injured to fight recklessly!
You barely miss the orc. The orc barely misses you.
You hit the orc.
The orc is almost dead.
The orc closely misses you.
You sock the orc!
You kill the orc!
Items here: )) ÷ †.
You start resting.
HP restored.
There is a stone staircase leading down here.
You climb downwards.
The ogre hits you with a +0 giant club!
There is a stone staircase leading up here.
You throw a throwing net.
The throwing net barely misses the ogre.
The ogre misses you.
Nothing quivered!
You feel very mighty all of a sudden.
The ogre hits you with a +0 giant club!!
Ouch! That really hurt!
You die...

#########...#...#........#
#.........#####.#...####.#####
#.#######...#...#...........(#
#.# ##..#.......#####.#..# #.#
##.....#.#.# #.#.#### #.#
##....#...#####.#..... #.#
###....#...........#### #.#
#.........######.#.###.
##.#####
#.....@...#......#.#...
.......#
#.....O...#.######.#.#.
##.###.# ####...##)#.# #.#...
#.#
#.#######...##.#.######.#...
#.#
#.#.........##..)...........
#.#
#>#.######..##...#####)##...
#.# #.#.# #..##...###........
#.# #...# #.(##.......#.##.#.
##.#
###.######..###..#####.##.#.


You could see an ogre.

Vanquished Creatures
  Sigmund (D:3)
  Crazy Yiuf (D:3)
  Robin (D:2)
  3 adders
  4 dart slugs
  An orc (D:2)
  6 endoplasms
  6 giant cockroaches
  7 hobgoblins
  11 jackals
  3 kobolds
  3 quokkas (D:1)
  6 ball pythons
  8 bats
  8 frilled lizards
  10 goblins
  A jackal skeleton (D:2)
  5 rats
85 creatures vanquished.

Notes
Turn   | Place    | Note
-------+----------+-------------------------------------------
     0 | D:1      | HoaS the Gargoyle Gladiator began the quest for the Orb.
     0 | D:1      | Reached XP level 1. HP: 12/12 MP: 1/1
   271 | D:1      | Reached XP level 2. HP: 16/17 MP: 2/2
   491 | D:1      | Reached skill level 4 in Staves
   510 | D:1      | Reached XP level 3. HP: 21/21 MP: 3/3
  1170 | D:2      | Found Uliogunn's Distillery.
  1200 | D:2      | Noticed a centaur
  1250 | D:2      | Found a faded altar of an unknown god.
  1273 | D:2      | Reached XP level 4. HP: 26/26 MP: 4/4
  1357 | D:2      | Reached skill level 5 in Staves
  1372 | D:2      | Found Imumn's Distillery.
  1444 | D:2      | Found Oxzuz's Jewellery Shoppe.
  1677 | D:2      | Found Duoded's Weapon Shoppe.
  2069 | D:3      | Noticed Sigmund
  2077 | D:3      | Killed Sigmund
  2078 | D:3      | Reached skill level 6 in Staves
  2078 | D:3      | Reached XP level 5. HP: 30/30 MP: 5/5
  2078 | D:3      | Reached XP level 6. HP: 35/35 MP: 6/6
  2190 | D:3      | Noticed Robin
  2280 | D:2      | Killed Robin
  2882 | D:3      | Found a runed translucent door.
  2883 | D:3      | Noticed Crazy Yiuf
  2918 | D:3      | Killed Crazy Yiuf
  2919 | D:3      | Reached skill level 7 in Staves
  3236 | D:3      | Slain by an ogre

Illustrated notes

Levels and vault maps discovered:
D:1:      grunt_arrival_lava_bath, layout_basic
D:2:      layout_rooms, serial_shops, shop_coins, shop,
          nicolae_shop_window_shopping, shop,
          shapermc_ecumenical_altar_starsandcircs, nrook_campfire,
          lightli_corner_chamber
D:3:      layout_loops_ring, uniq_sigmund, uniq_robin, uniq_crazy_yiuf_cottage
D:4:      layout_cave_pools, fedhas_altar_decomposition,
          lemuel_coloured_pillars_altar, minmay_temple_entry_tees,
          lightli_ossuary_entry_decrepit_ruins

Skill      XL: |  1  2  3  4  5  6 |
---------------+-------------------+-----
Staves         | 4 6 7 |  7.0
Fighting       | |  2.1
Throwing       | |  1.7
Dodging        | |  2.4

Action                   |  1- 3 |  4- 6 || total
-------------------------+-------+-------++-------
Melee: Quarterstaff      |   125 |   126 ||   251
Throw: Throwing net      |       |     4 ||     4
  Use: Scroll            |       |     8 ||     8
       Potion            |       |     1 ||     1
 Stab: Sleeping          |     1 |       ||     1
       Held in net/web   |       |     1 ||     1
Armor: Leather armour    |    42 |    55 ||    97
Dodge: Dodged            |    81 |   105 ||   186

Table legend: (Time is in decaauts)
 A = Elapsed time spent in this place.
 B = Non-inter-level travel time spent in this place.
 C = Inter-level travel time spent in this place.
 D = Time resting spent in this place.
 E = Time spent auto-exploring this place.
 F = Levels seen in this place.
 G = Mean time per level.
                   A        B        C        D        E       F      G
               +--------+--------+--------+--------+--------+-----+--------+
         Total |   3256 |   3070 |    186 |   1049 |   1407 |   4 |  814.0 |
       Dungeon |   3256 |   3070 |    186 |   1049 |   1407 |   4 |  814.0 |
               +--------+--------+--------+--------+--------+-----+--------+

Top non-repeatable levels by time:
     D:2: 1328 daAuts
     D:1: 1077 daAuts
     D:3: 849 daAuts
     D:4: 1 daAuts
